AoeStats
← Knoppix

Arabia

504693846Analyzed
1v1 RM · 27d ago on Sep 6, 2026· 62m 11s· 2 players
Game mode
Random Map
Map size
Tiny (2 player)
Population
200
Speed
Normal
Resources
Standard
Victory
Conquest
Starting age
Dark Age
Ending age
Imperial Age
RankedLock teamsTeams togetherTeam positionsShared explorationLock speedFull tech treeHidden civsTurbo modeCheats
Victory
Defeat
🇷🇴 Inca · Romania
798
+15
🇩🇪 Vietnamese · Germany
778
-15
Knoppix
4:55 Loom
11:17 Feudal Age
12:15 Double-Bit Axe
16:19 Fletching
18:04 Padded Archer Armor
21:37 Wheelbarrow
22:35 Horse Collar
23:20 Bloodlines
27:22 Castle Age
28:15 Thumb Ring
27:30 Crossbowman
29:30 Bodkin Arrow
30:24 Husbandry
32:25 Leather Archer Armor
32:12 Scale Mail Armor
35:06 Stone Mining
35:21 Heavy Plow
35:52 Scale Barding Armor
36:03 Chain Mail Armor
36:21 Hand Cart
35:54 Town Watch
43:35 Ballistics
44:30 Chain Barding Armor
48:27 Imperial Age
46:35 Bow Saw
49:56 Bracer
50:27 Ring Archer Armor
49:20 Arbalester
52:54 Plate Barding Armor
52:41 Gold Mining
52:40 Elite Battle Elephant
55:28 Two-Man Saw
55:01 Crop Rotation
55:56 Plate Mail Armor
57:18 Paper Money
YK@
8:06 Loom
10:59 Feudal Age
16:04 Castle Age
14:40 Double-Bit Axe
14:36 Horse Collar
15:20 Fletching
15:32 Scale Mail Armor
15:31 Horse Collar
17:56 Bow Saw
18:35 Gold Mining
21:51 Heavy Plow
21:22 Champi Runner
23:05 Stone Mining
24:14 Champi Warrior
26:03 Squires
31:28 Chain Mail Armor
32:58 Forging
37:16 Wheelbarrow
37:20 Iron Casting
36:59 Treadmill Crane
37:41 Ballistics
37:32 Masonry
38:22 Arson
44:41 Imperial Age
43:40 Hand Cart
43:26 Bodkin Arrow
44:02 Murder Holes
43:48 Pikeman
46:02 Conscription
46:50 Plate Mail Armor
46:09 Halberdier
48:19 Crop Rotation
49:32 Chemistry
51:55 Blast Furnace
51:46 Siege Engineers
52:32 Bracer
53:41 Fabric Shields
54:26 Elite Champi Warrior
55:25 Town Watch
56:30 Gold Shaft Mining
56:35 Elite Kamayuk
Connection lost

Rejoining the realm…

Still unreachable

The connection could not be restored.

Session expired

The server has moved on; the page needs a fresh start.